 Dungeon Crawl Stone Soup version 0.26.1-11-gd32895ea62 (webtiles) character file.

Game seed: 4429128856376463404

2066383 robloxmaster the Hill Orc Catastrophe (level 27, 245/245 HPs)
             Began as a Hill Orc Fighter on May 21, 2021.
             Was an Elder of Qazlal.
             Escaped with the Orb
             ... and 4 runes on May 25, 2021!
             The game lasted 08:05:27 (92571 turns).

robloxmaster the Hill Orc Catastrophe (HOFi)       Turns: 92571, Time: 08:05:28

Health: 245/245    AC: 46    Str: 38    XL:     27
Magic:  40/40      EV: 19    Int:  6    God:    Qazlal [****..]
Gold:   2736       SH: 24    Dex: 18    Spells: 26/26 levels left

rFire    . . .     SeeInvis +   i - +9 broad axe (vamp)
rCold    + . .     Faith    +   W - +0 kite shield {reflect}
rNeg     . . .     Spirit   .   d - +11 gold dragon scales
rPois    +         Reflect  +   m - +1 hat
rElec    .         Harm     +   t - +1 cloak {Will+}
rCorr    .         Rampage  .   p - +0 pair of gloves "Wuefaka" {Harm rF- Will+++ Int-4}
Will     +++++                  r - +2 pair of boots {run}
Stlth    ..........             e - amulet of faith
HPRegen  0.50/turn              E - ring of Siocor {rPois Str+6 Dex+4}
MPRegen  0.27/turn              U - ring of the Eagle {Dex+4 Slay+3 SInv Stlth+}

@: repel missiles, quick
A: hooves 1, horns 1, clever 1, deterioration 1, frail 1, MP-powered wands
0: Orb of Zot
}: 4/15 runes: decaying, slimy, silver, gossamer
a: Renounce Religion, Upheaval, Elemental Force


You escaped.
You worshipped Qazlal.
Qazlal was greatly pleased with you.
You visited 11 branches of the dungeon, and saw 55 of its levels.
You also visited: Sewer, Bailey, Gauntlet and Volcano.

You collected 10003 gold pieces.
You spent 7267 gold pieces at shops.

Inventory:

Hand Weapons
 i - a +9 vampiric broad axe (weapon)
 w - a +5 antimagic war axe
 L - the +8 hunting sling "Ucasoil" {flame, rPois Dex+5}
   (You found it on level 14 of the Dungeon)

   It causes projectiles fired from it to burn those they strike, causing extra
   injury to most foes and up to half again as much damage against particularly
   susceptible opponents.
   It affects your dexterity (+5).
   It protects you from poison.
 Y - a +3 broad axe of protection
Missiles
 O - 223 sling bullets
Armour
 d - +11 gold dragon scales (worn)
 m - a +1 hat (worn)
 p - the +0 pair of gloves "Wuefaka" (worn) {Harm rF- Will+++ Int-4}
   (You took it off Nikola on level 3 of the Swamp)

   It affects your intelligence (-4).
   It makes you vulnerable to fire.
   It affects your willpower, your defense against some magical effects.
   It increases damage dealt and taken.
 r - a +2 pair of boots of running (worn)
 t - a +1 cloak of willpower (worn)
 z - the +0 helmet of Terror {Str+3 Dex+5}
   (You bought it in a shop on level 1 of the Orcish Mines)

   It affects your strength (+3).
   It affects your dexterity (+5).
 N - a +0 pair of boots of flying
 W - a +0 kite shield of reflection (worn)
Jewellery
 e - an amulet of faith (around neck)
 h - the ring "Jischic" {AC+4 Str+5 Int-3 SInv}
   (You took it off a deep elf demonologist on level 3 of the Elven Halls)

   [ring of protection]

   It affects your AC (+4).
   It affects your strength (+5).
   It affects your intelligence (-3).
   It lets you see invisible.
 E - the ring of Siocor (left hand) {rPois Str+6 Dex+4}
   (You took it off a deep elf master archer on level 3 of the Elven Halls)

   [ring of strength]

   It affects your strength (+6).
   It affects your dexterity (+4).
   It protects you from poison.
 K - the ring of Fechuont {Wiz rC+}
   (You found it on level 13 of the Dungeon)

   [ring of wizardry]

   It improves your spell success rate.
   It protects you from cold.
 U - the ring of the Eagle (right hand) {Dex+4 Slay+3 SInv Stlth+}
   (You took it off a deep elf knight on level 5 of the Vaults)

   [ring of stealth]

   It affects your dexterity (+4).
   It affects your accuracy and damage with ranged weapons and melee attacks
   (+3).
   It lets you see invisible.
   It makes you more stealthy.
 Z - the amulet "Quam" {RegenMP *Corrode rN+++ Dex+2}
   (You took it off a mummy priest on level 1 of the Elven Halls)

   [amulet of magic regeneration]

   It increases your magic regeneration.
   It affects your dexterity (+2).
   It renders you almost immune to negative energy.
   It may corrode you when you take damage.
Wands
 o - a wand of paralysis (28)
 G - a wand of disintegration (21)
 H - a wand of acid (42)
 J - a wand of digging (2)
 Q - a wand of polymorph (31)
 X - a wand of iceblast (37)
Scrolls
 b - 5 scrolls of silence
 f - 39 scrolls of identify
 g - 23 scrolls of remove curse
 j - 14 scrolls of teleportation
 n - 10 scrolls of magic mapping
 q - 10 scrolls of fog
 u - 4 scrolls of blinking
 y - 2 scrolls of holy word
 A - 7 scrolls of immolation
 C - a scroll of enchant weapon
 F - 5 scrolls of amnesia
 I - 14 scrolls of fear
 P - 2 scrolls of torment
 S - 3 scrolls of summoning
Potions
 a - 6 potions of heal wounds
 c - 6 potions of flight
 k - 3 potions of magic
 l - 12 potions of curing
 s - a potion of invisibility
 v - 3 potions of haste
 x - 5 potions of mutation
 B - 5 potions of cancellation
 D - 11 potions of brilliance
 M - 2 potions of might
 R - 4 potions of ambrosia
 V - 2 potions of resistance


   Skills:
 O Level 27 Fighting
 - Level 22.7 Axes
 - Level 24.4 Armour
 + Level 15.8 Dodging
 - Level 22.8 Shields
 O Level 27 Invocations
 - Level 8.6 Evocations


You had 26 spell levels left.
You didn't know any spells.
Your spell library contained the following spells:

 Spells                   Type           Power        Failure   Level
 Animate Skeleton         Necr           0%           92%         1
 Apportation              Tloc           0%           92%         1
 Corona                   Hex            0%           92%         1
 Foxfire                  Conj/Fire      0%           92%         1
 Magic Dart               Conj           0%           92%         1
 Pain                     Necr           0%           92%         1
 Sandblast                Erth           0%           92%         1
 Shock                    Conj/Air       0%           92%         1
 Summon Small Mammal      Summ           0%           92%         1
 Blink                    Tloc           N/A          98%         2
 Call Imp                 Summ           0%           98%         2
 Corpse Rot               Necr/Air       N/A          98%         2
 Ensorcelled Hibernation  Hex/Ice        0%           98%         2
 Passwall                 Tmut/Erth      0%           98%         2
 Searing Ray              Conj           0%           98%         2
 Slow                     Hex            0%           98%         2
 Sublimation of Blood     Necr           0%           98%         2
 Swiftness                Air            0%           98%         2
 Call Canine Familiar     Summ           0%           100%        3
 Confusing Touch          Hex            0%           100%        3
 Conjure Flame            Conj/Fire      0%           100%        3
 Dazzling Flash           Conj/Hex       0%           100%        3
 Gell's Gravitas          Tloc           0%           100%        3
 Ignite Poison            Fire/Tmut/Pois 0%           100%        3
 Lesser Beckoning         Tloc           0%           100%        3
 Mephitic Cloud           Conj/Pois/Air  0%           100%        3
 Ozocubu's Armour         Ice            0%           100%        3
 Portal Projectile        Hex/Tloc       0%           100%        3
 Static Discharge         Conj/Air       0%           100%        3
 Stone Arrow              Conj/Erth      0%           100%        3
 Summon Guardian Golem    Hex/Summ       0%           100%        3
 Teleport Other           Tloc           0%           100%        3
 Tukima's Dance           Hex            0%           100%        3
 Vampiric Draining        Necr           0%           100%        3
 Airstrike                Air            0%           100%        4
 Animate Dead             Necr           0%           100%        4
 Cause Fear               Hex            0%           100%        4
 Dispel Undead            Necr           0%           100%        4
 Fulminant Prism          Conj/Hex       0%           100%        4
 Ice Form                 Ice/Tmut       0%           100%        4
 Iskenderun's Mystic Bla  Conj/Tloc      0%           100%        4
 Passage of Golubria      Tloc           N/A          100%        4
 Petrify                  Tmut/Erth      0%           100%        4
 Sticky Flame             Conj/Fire      0%           100%        4
 Summon Ice Beast         Ice/Summ       0%           100%        4
 Summon Lightning Spire   Summ/Air       0%           100%        4
 Agony                    Necr           0%           100%        5
 Alistair's Intoxication  Tmut/Pois      0%           100%        5
 Bolt of Magma            Conj/Fire/Erth 0%           100%        5
 Excruciating Wounds      Necr           0%           100%        5
 Fireball                 Conj/Fire      0%           100%        5
 Irradiate                Conj/Tmut      0%           100%        5
 Iskenderun's Battlesphe  Conj           0%           100%        5
 Lee's Rapid Deconstruct  Erth           0%           100%        5
 Lightning Bolt           Conj/Air       0%           100%        5
 Metabolic Englaciation   Hex/Ice        0%           100%        5
 Silence                  Hex/Air        0%           100%        5
 Summon Demon             Summ           0%           100%        5
 Summon Forest            Summ/Tloc      0%           100%        5
 Summon Mana Viper        Hex/Summ       0%           100%        5
 Yara's Violent Unravell  Hex/Tmut       0%           100%        5
 Conjure Ball Lightning   Conj/Air       0%           100%        6
 Freezing Cloud           Conj/Ice/Air   0%           100%        6
 Invisibility             Hex            0%           100%        6
 Iron Shot                Conj/Erth      0%           100%        6
 Ozocubu's Refrigeration  Ice            0%           100%        6
 Shadow Creatures         Summ           N/A          100%        6
 Simulacrum               Ice/Necr       0%           100%        6
 Starburst                Conj/Fire      0%           100%        6
 Haunt                    Necr/Summ      0%           100%        7
 Malign Gateway           Summ/Tloc      0%           100%        7
 Monstrous Menagerie      Summ           0%           100%        7
 Orb of Destruction       Conj           0%           100%        7
 Spellforged Servitor     Conj/Summ      0%           100%        7
 Summon Greater Demon     Summ           0%           100%        7
 Summon Hydra             Summ           0%           100%        7
 Borgnjor's Revivificati  Necr           0%           100%        8
 Discord                  Hex            0%           100%        8
 Ignition                 Fire           0%           100%        8
 Infestation              Necr           0%           100%        8
 Necromutation            Tmut/Necr      0%           100%        8
 Summon Horrible Things   Summ           0%           100%        8
 Death's Door             Necr           0%           100%        9
 Tornado                  Air            0%           100%        9


Dungeon Overview and Level Annotations

Branches:
Dungeon (15/15)            Temple (1/1) D:6            Lair (6/6) D:9
  Swamp (4/4) Lair:4       Spider (4/4) Lair:2        Slime (5/5) Lair:5
    Orc (2/2) D:12            Elf (3/3) Orc:2        Vaults (5/5) D:13
  Crypt (0/3) Vaults:2     Depths (5/5) D:15            Zot (5/5) Depths:5
  Sewer (visited)          Bailey (visited)         Volcano (visited)
Gauntlet (visited)

Altars:
Ashenzari
Cheibriados
Dithmenos
Elyvilon
Fedhas
Gozag
Hepliaklqana
Kikubaaqudgha
Makhleb
Nemelex Xobeh
Okawaru
Qazlal
Ru
Sif Muna
Trog
Uskayaw
Vehumet
Wu Jian
Xom
Yredelemnul
Zin
The Shining One
Jiyva
Lugonu

Shops:
D:8 ?   D:9 ([   D:15 (   Orc:1 [   Orc:2 (!(**   Elf:1 *   Elf:3 [
Vaults:4 [   Vaults:5 *   Zot:5 **   Depths:1 ![!   Depths:5 (

Portals:
Hell: Lair:6 Depths:1 Depths:2 Depths:3 Depths:4 Depths:5
Abyss: Depths:1 Depths:4
Pandemonium: Depths:3 Depths:4
Ziggurat: Depths:1
Trove: Elf:3 (give 11 potions of heal wounds)

Annotations:
Lair:4 exclusion: 6 oklob plants
Swamp:4 Mara
Elf:3 Roxanne


Innate Abilities, Weirdness & Mutations

You have large cloven feet.
You have a pair of small horns on your head.
Your mind is acute. (Int +2)
Your body sometimes deteriorates upon taking damage.
You are frail. (-10% HP)
You expend magic power (3 MP) to strengthen your wands.


Message History

O - 223 sling bullets (gained 21)
There is an escape hatch in the ceiling here.
A mysterious force pulls you upwards. The hatch slams shut behind you.
As you read the scroll of teleportation, it crumbles to dust.
You feel strangely unstable.
You feel the Orb delaying your translocation!
Your surroundings suddenly seem different.
There is a stone staircase leading up here.
You climb upwards.
There is a stone staircase leading down here.
There is a stone staircase leading up here.
You climb upwards.
There is a stone staircase leading down here.
There is a stone staircase leading up here.
You climb upwards.
There is a stone staircase leading down here.
There is an open door here.
An Orb Guardian comes into view.
There is a staircase leading out of the dungeon here.
You have escaped!

##### ######.@.######
###...X○○○......###
###......°..........###
#.'.................+.#
#.#.................#.#
##.###.............###.#
#..# ###.........###
#.### #.## ###.....###
#...# #.#
###.........### #...#


You could see an Orb Guardian.

Vanquished Creatures
  the Royal Jelly (Slime:5)
  3 orbs of fire (Zot:5)
  The ghost of Diggabert the Hill Orc Barricade, a legendary HOFi of Qazlal (Zot:4)
  5 juggernauts
  8 ancient liches
  Margery (Vaults:2)
  Boris (Depths:5)
  5 Killer Klowns
  Frederick (Vaults:4)
  2 curse toes
  13 golden dragons
  Jory (Depths:5)
  9 caustic shrikes
  Nikola (Swamp:3)
  A Tzitzimitl (D:5)
  3 electric golems (Zot:5)
  Arachne (Spider:2)
  25 tentacled monstrosities
  A Hell Sentinel (D:14)
  7 liches
  Jorgrun (Elf:1)
  Asterion (Spider:1)
  31 Orb Guardians
  3 deep elf blademasters
  3 deep elf master archers (Elf:3)
  28 acid blobs
  9 death cobs
  9 titans
  5 quicksilver dragons
  4 sphinxes
  A thorn hunter (Swamp:4)
  Kirke (Elf:1)
  Donald (Spider:3)
  17 storm dragons
  7 tengu reavers
  8 shadow dragons
  7 draconian monks
  19 azure jellies
  A fenstrider witch (Swamp:4)
  13 deep elf sorcerers
  10 fire giants
  2 emperor scorpions
  2 iron dragons (Vaults:5)
  12 vault wardens
  3 draconian knights
  13 frost giants
  2 balrugs (Depths:2)
  7 draconian scorchers
  8 ghost moths
  2 orc warlords
  6 draconian shifters
  Louise (Depths:4)
  Aizul (Swamp:3)
  2 caustic shrike zombies (Depths:2)
  5 deep elf elementalists
  17 very ugly things
  3 draconian stormcallers
  3 draconian annihilators
  A blood saint (D:12)
  3 spriggan defenders
  A war gargoyle (Vaults:5)
  The ghost of tehphobia the Geomancer, a journeyman GrEE of Sif Muna (D:13)
  3 vampire knights
  The ghost of judgestillwater the Impaler, a journeyman MiBe of Trog (D:13)
  11 ironheart preservers
  17 stone giants
  9 green draconians
  9 yellow draconians
  20 white draconians
  12 black draconians
  6 deep elf demonologists
  Azrael (Spider:2)
  9 deep elf annihilators
  7 entropy weavers
  12 purple draconians
  11 spark wasps
  3 bunyips
  9 red draconians
  13 ettins
  A merfolk javelineer (Depths:1)
  7 death oozes
  10 deep elf death magi
  An eleionoma (Swamp:2)
  A crystal guardian (Vaults:5)
  10 fire dragons
  10 deep elf high priests
  A mummy priest (Elf:1)
  15 yaktaur captains
  10 ice dragons
  The ghost of hawla the Destroyer, a journeyman DrCj of Vehumet (D:13)
  29 vault guards
  2 hell beasts
  17 great orbs of eyes
  4 boulder beetles
  25 hydras
  5 spriggan air magi
  3 rakshasas (Vaults:2)
  10 centaur warriors
  50 two-headed ogres
  15 ogre magi
  11 ghost crabs
  13 alligators
  A catoblepas (Lair:3)
  10 deep troll earth magi
  9 deep troll shamans
  2 death knights (Vaults:2)
  14 death yaks
  22 dancing weapons
  Urug (D:12)
  5 tengu warriors
  2 queen ants
  21 spriggans
  3 orc high priests
  31 deep elf knights
  3 vampire magi
  4 hell knights (Vaults:2)
  8 spriggan berserkers
  Nergalle (Lair:2)
  2 soul eaters
  2 large abominations
  2 sun demons
  6 skeletal warriors
  A shadow wraith (Vaults:1)
  A fire crab (shapeshifter) (Depths:4)
  A spectral death yak (Gauntlet)
  7 iron trolls
  4 spriggan druids
  30 deep trolls
  4 unseen horrors
  An entropy weaver zombie (Vaults:3)
  A goliath frog (Swamp:3)
  A deep troll (shapeshifter) (Depths:1)
  9 wizards
  15 deep elf archers
  A torturous demonspawn (D:9)
  9 swamp dragons
  An infernal demonspawn (D:12)
  3 flayed ghosts
  7 glowing orange brains
  3 bog bodies
  Pikel (D:5)
  An anaconda skeleton (Volcano)
  80 deep elf magi
  A wolf spider zombie (D:15)
  An obsidian statue (Zot:5)
  10 ironbrand convokers
  A lindwurm (Lair:4)
  6 necromancers
  14 orc knights
  2 mana vipers (shapeshifter)
  A phantasmal warrior (Vaults:5)
  6 orc sorcerers
  38 wolf spiders
  2 stone giant zombies
  A tengu skeleton (Vaults:3)
  30 ugly things
  19 orb spiders
  A salamander (shapeshifter) (Depths:3)
  9 cyclopes
  A shining eye (shapeshifter) (Vaults:1)
  A sphinx skeleton (Vaults:3)
  A manticore (D:14)
  3 shining eyes
  37 moths of wrath
  3 will-o-the-wisps
  A human skeleton (Vaults:3)
  14 elephants
  3 gargoyles (Volcano)
  3 black mambas
  3 apocalypse crabs (Swamp:2)
  A water nymph (shapeshifter) (Vaults:5)
  2 yaktaur zombies (Vaults:3)
  A smoke demon (Lair:6)
  13 vault sentinels
  3 hellions
  2 torpor snails
  Psyche (D:9)
  6 rime drakes
  10 cane toads
  9 komodo dragons
  4 eyes of devastation
  51 yaktaurs
  4 freezing wraiths
  A komodo dragon (shapeshifter) (Vaults:4)
  2 kobold demonologists (Elf:1)
  3 orange demons
  An efreet (D:15)
  A yaktaur (shapeshifter) (Depths:2)
  10 demonic crawlers
  A tengu conjurer (D:13)
  6 hellwings
  A troll (shapeshifter) (Vaults:2)
  2 queen bees (shapeshifter)
  3 red devils
  25 jumping spiders
  2 ice devils (Lair:6)
  A redback zombie (D:15)
  17 tyrant leeches
  A silent spectre (Depths:4)
  A wind drake (shapeshifter) (Elf:1)
  7 trolls
  3 polar bears
  A harpy skeleton (Volcano)
  A jumping spider (shapeshifter) (Vaults:4)
  33 hornets
  15 blink frogs
  Grinder (D:3)
  3 dream sheep (Lair:1)
  109 slime creatures
  A snapping turtle (shapeshifter) (D:13)
  A stone giant simulacrum (Vaults:3)
  4 shadows
  3 flying skulls (Volcano)
  A vampire (D:14)
  An alligator skeleton (Volcano)
  46 redbacks
  4 basilisks
  10 water elementals (Depths:1)
  4 wraiths
  An air elemental (Elf:1)
  29 tarantellas
  5 fire elementals
  34 yaks
  An ettin skeleton (Vaults:2)
  A wyvern (Lair:3)
  5 golden eyes
  A golden eye (shapeshifter) (Vaults:5)
  20 humans
  A neqoxec (Depths:4)
  Eustachio (D:5)
  4 hogs (Elf:1)
  6 wargs
  12 vampire mosquitoes
  13 swamp worms
  Edmund (D:5)
  An acid dragon (D:14)
  5 soldier ants
  25 water moccasins
  3 floating eyes (shapeshifter)
  13 hell hounds
  3 floating eyes
  3 human zombies
  5 swamp drakes
  7 eyes of draining
  31 orc warriors
  6 sky beasts
  10 ice beasts
  6 black bears
  A necrophage (D:11)
  11 boggarts
  2 phantoms
  50 ogres
  16 centaurs
  23 wolves
  3 big kobolds
  2 lemures (D:5)
  19 bullfrogs
  2 glowing shapeshifter simulacra
  An earth elemental (Elf:2)
  5 scorpions
  A water moccasin skeleton (D:9)
  8 wights (D:15)
  11 killer bees
  An orc simulacrum (Vaults:1)
  A troll skeleton (Volcano)
  A spriggan skeleton (Volcano)
  2 howler monkeys
  4 centaur zombies
  6 crimson imps
  4 bullfrog zombies
  4 jellies
  5 quasits
  An iron imp (Depths:4)
  16 orc priests
  2 centaur skeletons
  3 hounds
  An iguana (shapeshifter) (Vaults:4)
  4 bullfrog skeletons
  4 iguanas
  Ijyb (D:4)
  22 orc wizards
  16 worker ants
  A killer bee zombie (D:8)
  A hound zombie (D:5)
  A hound skeleton (D:7)
  2 worker ant zombies
  32 gnolls
  8 adders
  5 river rats (Sewer)
  2 shadow imps
  3 white imps
  2 oozes
  3 ufetubi
  An adder skeleton (D:5)
  3 worms
  A dart slug (D:3)
  5 leopard geckos
  75 orcs
  9 giant cockroaches
  19 goblins
  17 hobgoblins
  12 jackals
  29 kobolds
  5 quokkas
  8 ball pythons
  5 bats
  11 frilled lizards
  A jackal skeleton (D:5)
  A leopard gecko skeleton (D:6)
  19 rats
  5 crawling corpses (Elf:3)
2535 creatures vanquished.

Vanquished Creatures (others)
  2 hydras (Swamp:4)
  A deep elf knight (Elf:1)
  A spriggan druid (Swamp:2)
  2 deep elf magi
  A will-o-the-wisp (Swamp:3)
  A demonic crawler (Spider:2)
  A yaktaur (Vaults:4)
  3 bloated husks
  A tyrant leech (Swamp:2)
  An orc warrior (Vaults:5)
  A jelly (Depths:5)
  A hound (D:13)
  A white imp (Depths:4)
  2 orcs
  14 foxfires
  65 fungi
  70 plants
168 creatures vanquished.

Grand Total: 2703 creatures vanquished

Notes
Turn   | Place    | Note
-------+----------+-------------------------------------------
     0 | D:1      | robloxmaster the Hill Orc Fighter began the quest for the
                  | Orb.
     0 | D:1      | Reached XP level 1. HP: 19/19 MP: 1/1
   100 | D:1      | Reached XP level 2. HP: 27/27 MP: 2/2
  1029 | D:2      | Reached XP level 3. HP: 33/33 MP: 3/3
  1038 | D:2      | Found a faded altar of an unknown god.
  1939 | D:2      | Reached XP level 4. HP: 27/40 MP: 4/4
  2263 | D:3      | Found a glowing drain.
  2280 | Sewer    | Entered a sewer
  2634 | Sewer    | Reached XP level 5. HP: 33/47 MP: 5/5
  3218 | D:3      | Found an opulent altar of Gozag.
  3312 | D:3      | Noticed Grinder
  3313 | D:3      | Paralysed by Grinder for 6 turns
  3321 | D:3      | Paralysed by Grinder for 4 turns
  3332 | D:3      | Killed Grinder
  3333 | D:3      | Reached skill level 5 in Fighting
  3333 | D:3      | Reached skill level 5 in Axes
  3333 | D:3      | Reached XP level 6. HP: 19/56 MP: 6/6
  3750 | D:3      | Reached skill level 5 in Shields
  3991 | D:3      | Found an opulent altar of Gozag.
  3997 | D:3      | Found a glowing silver altar of Zin.
  4007 | D:3      | Reached skill level 5 in Armour
  4022 | D:3      | Found a shadowy altar of Dithmenos.
  4133 | D:3      | Reached XP level 7. HP: 55/62 MP: 7/7
  4801 | D:4      | Noticed Ijyb
  4819 | D:4      | Killed Ijyb
  5075 | D:4      | You fall into a shaft and drop 2 floors!
  5075 | D:6      | Found an ornate altar of the Wu Jian Council.
  5329 | D:6      | Found a hide-covered altar of Uskayaw.
  5330 | D:6      | Found a sparkling altar of Nemelex Xobeh.
  5338 | D:6      | Found a shimmering blue altar of Sif Muna.
  5445 | D:5      | Entered Level 5 of the Dungeon
  5516 | D:5      | Got a scorched crystal amulet
  5549 | D:5      | Noticed Eustachio
  5573 | D:5      | Noticed Pikel
  6089 | D:5      | Identified the amulet of Soyck {Inacc rF+ rN+ Will- Int+3}
                  | (You found it on level 5 of the Dungeon)
  6477 | D:5      | Reached XP level 8. HP: 64/71 MP: 8/8
  6537 | D:5      | Reached skill level 1 in Evocations
  6539 | D:5      | Noticed Edmund
  6565 | D:5      | Killed Edmund
  6577 | D:5      | Killed Pikel
  6851 | D:5      | Killed Eustachio
  7160 | D:6      | Reached XP level 9. HP: 65/79 MP: 9/9
  7399 | D:6      | Found a staircase to the Ecumenical Temple.
  7479 | D:6      | Found a hazy altar of Hepliaklqana.
  7683 | Temple   | Entered the Ecumenical Temple
  7721 | Temple   | Became a worshipper of Qazlal Stormbringer
  7820 | D:7      | Found a flagged portal.
  7829 | Bailey   | Entered a bailey
  8116 | Bailey   | Reached * piety under Qazlal
  8376 | Bailey   | Gained mutation: Armour fits poorly on your strangely
                  | shaped body. [potion of mutation]
  8376 | Bailey   | Gained mutation: Your flesh is heat resistant. (rF+)
                  | [potion of mutation]
  9409 | D:7      | Found an opulent altar of Gozag.
  9484 | D:7      | Found a white marble altar of Elyvilon.
  9578 | D:7      | Reached ** piety under Qazlal
  9833 | D:8      | Found Nugeupn's Magic Scroll Boutique.
  9841 | D:8      | Bought a scroll of fog for 30 gold pieces
  9841 | D:8      | Bought a scroll of enchant weapon for 112 gold pieces
  9841 | D:8      | Bought a scroll of enchant armour for 112 gold pieces
  9970 | D:8      | Reached XP level 10. HP: 57/90 MP: 10/10
 10214 | D:8      | Found a blossoming altar of Fedhas.
 10827 | D:8      | Found a radiant altar of Vehumet.
 11105 | D:8      | Identified a scroll of acquirement
 11105 | D:8      | Acquired 1073 gold pieces
 11128 | D:9      | Noticed Psyche
 11142 | D:9      | Killed Psyche
 11239 | D:9      | Found Quischoown's Weapon Boutique.
 11536 | D:9      | Reached skill level 1 in Invocations
 11588 | D:9      | Reached *** piety under Qazlal
 11631 | D:9      | Reached skill level 10 in Axes
 11881 | D:9      | Found a staircase to the Lair.
 12025 | D:9      | Found a glowing golden altar of the Shining One.
 12113 | D:9      | Found a basalt altar of Yredelemnul.
 12115 | D:9      | Noticed a profane servitor
 12152 | D:9      | Found a snail-covered altar of Cheibriados.
 12152 | D:9      | Found Cheibriados's Comfort Zone.
 12214 | D:10     | Entered Level 10 of the Dungeon
 12214 | D:10     | Noticed a two-headed ogre
 12222 | D:10     | Killed a two-headed ogre
 12223 | D:10     | Reached skill level 10 in Fighting
 12223 | D:10     | Reached skill level 5 in Invocations
 12223 | D:10     | Reached XP level 11. HP: 84/99 MP: 13/15
 12379 | D:10     | Killed an unseen horror
 13409 | D:11     | Got an ancient chain mail
 13429 | D:10     | Identified the +4 chain mail of Fallacy {Rampage rElec
                  | Will+} (You found it on level 11 of the Dungeon)
 13520 | D:11     | Noticed a cyclops
 13541 | D:11     | Killed a cyclops
 13650 | D:11     | Reached **** piety under Qazlal
 13681 | D:11     | Found a gate leading to a gauntlet.
 13686 | Gauntlet | Entered a Gauntlet
 13686 | Gauntlet | Found a transporter.
 13693 | Gauntlet | Noticed a queen ant
 13900 | Gauntlet | Found a transporter.
 13903 | Gauntlet | Found a transporter.
 13904 | Gauntlet | Found a transporter.
 13906 | Gauntlet | Noticed a spectral death yak
 13910 | Gauntlet | Noticed a death scarab
 13913 | Gauntlet | Found a transporter.
 13915 | Gauntlet | Found a transporter.
 13916 | Gauntlet | Found a transporter.
 13918 | Gauntlet | Noticed a dire elephant
 13927 | Gauntlet | Found a transporter.
 13927 | Gauntlet | Found a transporter.
 13928 | Gauntlet | Found a transporter.
 13934 | Gauntlet | Found a runed translucent gate.
 13934 | Gauntlet | Found a runed translucent gate.
 13934 | Gauntlet | Found a runed translucent gate.
 13936 | Gauntlet | Found a transporter.
 13939 | Gauntlet | Found a transporter.
 13940 | Gauntlet | Found a transporter.
 13948 | Gauntlet | Found a transporter.
 14065 | Gauntlet | Killed a queen ant
 14323 | Gauntlet | Killed a spectral death yak
 14622 | Gauntlet | Noticed a minotaur
 14658 | Gauntlet | Got a polished cloak
 15082 | D:11     | Identified the -3 cloak "Tisism" {Will+} (You found it in a
                  | Gauntlet)
 15095 | D:11     | Got a dazzling hunting sling
 15096 | D:11     | Identified the +1 hunting sling "Juaxuf" {flame, +Fly rPois
                  | Str+2 Int+5 Dex-4} (You found it on level 11 of the
                  | Dungeon)
 15210 | D:11     | Noticed a white ugly thing
 15245 | D:11     | Killed a white ugly thing
 15246 | D:11     | Reached skill level 10 in Armour
 15557 | D:11     | Reached skill level 10 in Shields
 15946 | D:11     | Killed an unseen horror
 15947 | D:11     | Reached XP level 12. HP: 32/108 MP: 18/18
 16520 | D:12     | Noticed a two-headed ogre
 16527 | D:12     | Killed a two-headed ogre
 16642 | D:12     | Reached skill level 10 in Invocations
 16648 | D:12     | Noticed Urug
 16662 | D:12     | Killed Urug
 16966 | D:12     | Found a staircase to the Orcish Mines.
 17542 | D:13     | Noticed a centaur warrior
 18158 | D:13     | Noticed a vault guard
 18171 | D:13     | Killed a vault guard
 18172 | D:13     | Reached XP level 13. HP: 113/117 MP: 21/21
 18200 | D:13     | Noticed a vault guard
 18242 | D:13     | Killed a vault guard
 18686 | D:13     | Found a runed translucent gate.
 18686 | D:13     | Found a runed translucent gate.
 18686 | D:13     | Found a runed translucent gate.
 18688 | D:13     | Noticed tehphobia's ghost (journeyman GrEE)
 18688 | D:13     | Noticed a lich
 18689 | D:13     | Found an ancient bone altar of Kikubaaqudgha.
 18689 | D:13     | Noticed judgestillwater's ghost (journeyman MiBe)
 18689 | D:13     | Noticed hawla's ghost (journeyman DrCj)
 18689 | D:13     | Noticed a lich
 18758 | D:13     | Identified the Guide on Flight and Dislocation
 18801 | D:13     | Found a gate to the Vaults.
 20106 | D:14     | Got a bloodstained hunting sling
 20107 | D:14     | Identified the +8 hunting sling "Ucasoil" {flame, rPois
                  | Dex+5} (You found it on level 14 of the Dungeon)
 20508 | D:15     | Entered Level 15 of the Dungeon
 20876 | D:15     | Noticed a fire dragon
 21391 | Lair:1   | Entered Level 1 of the Lair of Beasts
 22475 | Lair:2   | Noticed Nergalle
 22522 | Lair:2   | Found a hole to the Spider Nest.
 22553 | Lair:2   | Killed Nergalle
 22554 | Lair:2   | Reached XP level 14. HP: 125/127 MP: 21/24
 26274 | Lair:4   | Found a staircase to the Swamp.
 26678 | Lair:4   | Reached ***** piety under Qazlal
 26679 | Lair:4   | Reached XP level 15. HP: 123/138 MP: 25/25
 26704 | Lair:3   | Reached skill level 15 in Axes
 27107 | Lair:5   | Found a viscous altar of Jiyva.
 27107 | Lair:5   | Found a staircase to the Slime Pits.
 27730 | Lair:6   | Entered Level 6 of the Lair of Beasts
 28876 | Lair:6   | Found a burning altar of Makhleb.
 28889 | Lair:6   | Found a gateway to Hell.
 29740 | Orc:1    | Entered Level 1 of the Orcish Mines
 30032 | Orc:1    | Found Rayciel's Armour Shoppe.
 30483 | Orc:2    | Entered Level 2 of the Orcish Mines
 30502 | Orc:2    | Found Baky's Assorted Antiques.
 30520 | Orc:2    | Found a dark tunnel.
 30526 | Volcano  | Entered a volcano
 30617 | Volcano  | Reached skill level 15 in Fighting
 30984 | Orc:2    | Reached XP level 16. HP: 127/149 MP: 13/26
 31163 | Orc:2    | Bought a translucent plate armour for 784 gold pieces
 31173 | Orc:2    | Identified the +0 plate armour of the Pink Corner {Rampage
                  | rPois Int-2} (You bought it in a shop on level 2 of the
                  | Orcish Mines)
 31572 | Orc:2    | Found Juih's Distillery.
 31572 | Orc:2    | Found Awem's Weapon Emporium.
 31573 | Orc:2    | Found Imoucw's General Store.
 31573 | Orc:2    | Found Idiptiz's Weapon Shop.
 31581 | Orc:2    | Bought a potion of haste for 160 gold pieces
 31584 | Orc:2    | Bought a potion of might for 64 gold pieces
 31587 | Orc:2    | Found a staircase to the Elven Halls.
 31879 | Orc:2    | Bought a scroll labelled QYEMOALLAX for 28 gold pieces
 32246 | D:13     | Killed a lich
 32256 | D:13     | Killed a lich
 32257 | D:13     | Killed judgestillwater's ghost
 32262 | D:13     | Killed hawla's ghost
 32264 | D:13     | Killed tehphobia's ghost
 32268 | D:13     | Got a shimmering granite ring
 32269 | D:13     | Identified the ring of Fechuont {Wiz rC+} (You found it on
                  | level 13 of the Dungeon)
 32274 | D:13     | Got a pair of steaming gloves
 32285 | D:13     | Identified the cursed +0 pair of gloves of Sawk {Dex+4}
                  | (You found it on level 13 of the Dungeon)
 32624 | Swamp:1  | Entered Level 1 of the Swamp
 34121 | Swamp:2  | Reached skill level 15 in Shields
 34734 | Swamp:2  | Found a runed translucent door.
 34923 | Swamp:2  | Reached skill level 15 in Armour
 35659 | Swamp:3  | Reached XP level 17. HP: 159/159 MP: 27/27
 36203 | Swamp:3  | Identified the cursed +0 pair of gloves "Wuefaka" {Harm rF-
                  | Will+++ Int-4}
 36203 | Swamp:3  | Noticed Nikola
 36213 | Swamp:3  | Killed Nikola
 36447 | Swamp:3  | Noticed Aizul
 36487 | Swamp:3  | HP: 6/160 [poisoned by Aizul (poison arrow)]
 36489 | Swamp:3  | Killed Aizul
 36812 | Swamp:2  | Lost mutation: Armour fits poorly on your strangely shaped
                  | body. [potion of mutation]
 36812 | Swamp:2  | Gained mutation: You are weak. (Str -2) [potion of
                  | mutation]
 36812 | Swamp:2  | Gained mutation: You have large cloven feet. [potion of
                  | mutation]
 36812 | Swamp:2  | Gained mutation: You possess an exceptional clarity of
                  | mind. [potion of mutation]
 36920 | Spider:1 | Entered Level 1 of the Spider Nest
 36921 | Spider:1 | Noticed Asterion
 36940 | Spider:1 | Killed Asterion
 38441 | Spider:2 | Noticed Arachne
 38545 | Spider:2 | Noticed Azrael
 38549 | Spider:2 | Killed Azrael
 38765 | Spider:2 | Killed Arachne
 39210 | Spider:2 | Found the +10 dark maul {vorpal}
 40281 | Spider:3 | Noticed Donald
 40286 | Spider:3 | Reached skill level 1 in Dodging
 40308 | Spider:3 | Killed Donald
 40579 | Spider:3 | Reached XP level 18. HP: 150/170 MP: 28/28
 41661 | Spider:4 | Entered Level 4 of the Spider Nest
 43975 | Spider:4 | Reached skill level 5 in Dodging
 44173 | Spider:4 | Got a gossamer rune of Zot
 45235 | Swamp:4  | Entered Level 4 of the Swamp
 45978 | Swamp:4  | Paralysed by a fenstrider witch for 6 turns
 45997 | Swamp:4  | Reached XP level 19. HP: 44/179 MP: 29/29
 46618 | Swamp:4  | Noticed Mara
 46635 | Swamp:4  | Noticed robloxmaster's illusion
 46871 | Swamp:4  | Got a decaying rune of Zot
 47442 | Elf:1    | Entered Level 1 of the Elven Halls
 47457 | Elf:1    | Noticed Jorgrun
 48017 | Elf:1    | Killed Jorgrun
 48379 | Elf:1    | Noticed Kirke
 48394 | Elf:1    | Killed Kirke
 48693 | Elf:1    | Found a shimmering blue altar of Sif Muna.
 48694 | Elf:1    | Identified the +6 scale mail of Quiet Fog {*Slow rN+
                  | Stlth+}
 48729 | Elf:1    | Identified the amulet "Quam" {RegenMP *Corrode rN+++ Dex+2}
 49336 | Elf:1    | Found Qec Uson's General Store.
 50625 | Elf:2    | Found a runed translucent gate.
 50625 | Elf:2    | Found a runed translucent gate.
 50626 | Elf:2    | Found a runed translucent gate.
 50752 | Elf:2    | Reached XP level 20. HP: 142/191 MP: 23/30
 51590 | Elf:3    | Entered Level 3 of the Elven Halls
 51882 | Elf:3    | Identified Roxanne's Incunabulum of Transmigration
 51882 | Elf:3    | Noticed Roxanne
 51892 | Elf:3    | Found Lemez's Antique Armour Emporium.
 51901 | Elf:3    | Bought a runed plate armour for 780 gold pieces
 51967 | Elf:3    | Bought a smelly chain mail for 285 gold pieces
 52003 | Elf:3    | Identified the cursed +1 chain mail of the Old World {+Fly
                  | rN+ Regen+} (You bought it in a shop on level 3 of the
                  | Elven Halls)
 52237 | Elf:3    | Found an ancient bone altar of Kikubaaqudgha.
 52554 | Elf:3    | Identified the ring of Siocor {rPois Str+6 Dex+4}
 52600 | Elf:3    | HP: 8/178 [ghostly deep elf death mage/vampiric draining
                  | (31)]
 53456 | Vaults:1 | Entered Level 1 of the Vaults
 55402 | Vaults:1 | Reached XP level 21. HP: 201/201 MP: 31/31
 57172 | Vaults:2 | Identified the +5 long sword of Circular Logic {vamp, rElec
                  | rPois rF+}
 57229 | Vaults:2 | Noticed Margery
 57247 | Vaults:2 | Killed Margery
 57691 | Vaults:2 | Reached ****** piety under Qazlal
 57831 | Vaults:2 | Found a staircase to the Crypt.
 58733 | Vaults:2 | Reached XP level 22. HP: 191/211 MP: 32/32
 58738 | Vaults:3 | Reached skill level 5 in Evocations
 59103 | Vaults:3 | You fall into a shaft and drop 1 floor!
 59914 | Vaults:4 | Noticed Frederick
 60497 | Elf:3    | Identified the +0 scale mail of the Stars {rC+ Regen+
                  | Slay+3 SInv}
 60720 | Elf:3    | Identified the cursed +2 mace of a wizard's laboratory
                  | {antimagic, Int+10}
 60720 | Elf:3    | Identified the ring "Jischic" {AC+4 Str+5 Int-3 SInv}
 60736 | Elf:3    | Identified the ring of Goepa {Will+ SInv Stlth+}
 60804 | Elf:3    | Identified the amulet "Dufuyla" {Acrobat rElec}
 60838 | Elf:3    | Identified the +4 long sword "Rofel" {vorpal, Int+2}
 61471 | Elf:3    | Identified the +8 short sword "Qasmyrad" {flame, +Blink
                  | rN++ Str+2 Dex-5}
 61624 | Elf:3    | Identified the Incunabulum of Conjuration
 61653 | Elf:3    | Identified the Handbook of Dislocation and Calling
 61698 | Elf:3    | Identified the +4 hat "Ridium" {-Tele rC+++ Int+9 Dex-4}
                  | (You found it on level 3 of the Elven Halls)
 61700 | Elf:3    | Identified the Guide on Poisonous Flames
 61873 | Elf:3    | Found a portal to a secret trove of treasure.
 62409 | Vaults:3 | Got a vibrating platinum ring
 62411 | Vaults:3 | Identified the ring of Ynlip {*Corrode rF+ rN+ SInv} (You
                  | found it on level 3 of the Vaults)
 63989 | Vaults:4 | Paralysed by a floating eye for 4 turns
 64799 | Vaults:4 | Killed Frederick
 65029 | Vaults:4 | Found Sygewu's Armour Emporium.
 65187 | D:13     | Identified Kikubaaqudgha's Disquisition on Sinister Secrets
 65382 | D:15     | Reached XP level 23. HP: 197/221 MP: 24/33
 65657 | D:15     | Found Zaockyzi's Weapon Shop.
 65873 | D:15     | Found a staircase to the Depths.
 66163 | Depths:1 | Entered Level 1 of the Depths
 66255 | Depths:1 | Found Qauneic's Distillery.
 66257 | Depths:1 | Found Norees's Antique Armour Emporium.
 66259 | Depths:1 | Found Heenuj's Distillery.
 66267 | Depths:1 | Bought a potion of resistance for 100 gold pieces
 66276 | Depths:1 | Paralysed by a floating eye for 2 turns
 66775 | Depths:1 | Found a one-way gate to the infinite horrors of the Abyss.
 67052 | Depths:1 | Found a gateway to a ziggurat.
 67437 | Depths:2 | Reached skill level 15 in Invocations
 67732 | Depths:2 | Noticed a juggernaut
 67754 | Depths:2 | Killed a juggernaut
 67765 | Depths:2 | Noticed a juggernaut
 67788 | Depths:2 | Killed a juggernaut
 67867 | Depths:2 | Noticed a golden dragon
 67874 | Depths:2 | Killed a golden dragon
 67991 | Depths:2 | Reached XP level 24. HP: 231/231 MP: 35/35
 68964 | Depths:2 | Identified the ring "Akompeol" {Wiz Dex+5} (You found it on
                  | level 2 of the Depths)
 69080 | Depths:3 | Found a one-way gate leading to the halls of Pandemonium.
 69577 | Depths:3 | Noticed an ancient lich
 69583 | Depths:3 | Killed an ancient lich
 70386 | Depths:3 | Identified the cursed +1 morningstar of Forced Transition
                  | {freeze, rC++ rN+} (You found it on level 3 of the Depths)
 70888 | Depths:4 | Noticed Louise
 70923 | Depths:4 | Killed Louise
 70993 | Depths:4 | Noticed a juggernaut
 71006 | Depths:4 | Killed a juggernaut
 71127 | Depths:4 | You fall into a shaft and drop 1 floor!
 71127 | Depths:5 | Entered Level 5 of the Depths
 71127 | Depths:5 | Found Toajuab's Antique Weapon Shoppe.
 71162 | Depths:4 | Noticed a juggernaut
 71178 | Depths:4 | Killed a juggernaut
 71281 | Depths:4 | Found a transporter.
 71857 | Depths:4 | Noticed a juggernaut
 71966 | Depths:5 | Noticed a caustic shrike
 71966 | Depths:5 | Noticed a caustic shrike
 71966 | Depths:5 | Noticed a caustic shrike
 71966 | Depths:5 | Noticed a caustic shrike
 71967 | Depths:5 | Killed a caustic shrike
 71967 | Depths:5 | Noticed Jory
 71968 | Depths:5 | Noticed a caustic shrike
 71970 | Depths:5 | Killed a caustic shrike
 71971 | Depths:5 | Killed a caustic shrike
 71978 | Depths:5 | Killed a caustic shrike
 71979 | Depths:5 | Reached XP level 25. HP: 218/240 MP: 30/36
 71995 | Depths:5 | Killed Jory
 73031 | Vaults:5 | Entered Level 5 of the Vaults
 73255 | Vaults:5 | Identified the cursed +2 scimitar of Focus {vorpal, +Fly
                  | rF+}
 73804 | Vaults:5 | Identified the ring of the Eagle {Dex+4 Slay+3 SInv Stlth+}
 74586 | Vaults:5 | Reached XP level 26. HP: 204/251 MP: 29/37
 74643 | Vaults:5 | Identified the +2 great sword "Murmur" {venom, Will+++}
 74947 | Vaults:5 | Found Coorphirr's Assorted Antiques.
 75046 | Vaults:5 | Identified the cursed +0 war axe of the Real Monster
                  | {protect, Dex+4}
 75046 | Vaults:5 | Identified the ring "Awneig" {*Slow +Fly rN+ Int+5}
 75162 | Vaults:5 | Identified the Guide on Summoning and the Snowflakes
 75345 | Vaults:5 | Got a silver rune of Zot
 76007 | Vaults:5 | Identified a +2 pair of boots of running (You found it on
                  | level 5 of the Vaults)
 76231 | Orc:1    | Bought the cursed +0 helmet of Terror {Str+3 Dex+5} for 455
                  | gold pieces
 76361 | Elf:1    | Bought an uncursed ring of resist corrosion for 300 gold
                  | pieces
 76667 | Slime:1  | Entered Level 1 of the Pits of Slime
 79390 | Slime:5  | Entered Level 5 of the Pits of Slime
 79612 | Slime:5  | Noticed the Royal Jelly
 79650 | Slime:5  | Killed the Royal Jelly
 80304 | Slime:5  | Reached XP level 27. HP: 235/256 MP: 29/38
 80981 | Slime:5  | Identified the amulet of Starshine {Acrobat Will+ SInv}
                  | (You found it on level 5 of the Pits of Slime)
 81021 | Slime:5  | Identified the Catalogue of Gliding Darkness
 81024 | Slime:5  | Got a slimy rune of Zot
 81712 | Depths:4 | Found a transporter.
 81712 | Depths:4 | Found a runed translucent door.
 81712 | Depths:4 | Found a bloodstained altar of Trog.
 81713 | Depths:4 | Found the +8 Wrath of Trog {antimagic, *Rage}
 81743 | Depths:4 | Killed a juggernaut
 81912 | Depths:4 | Identified the +12 plate armour "Meclakk" {rElec Stlth+}
                  | (You found it on level 4 of the Depths)
 81960 | Depths:5 | Noticed a juggernaut
 82593 | Depths:5 | Found a gate to the Realm of Zot.
 82606 | Depths:5 | Noticed Boris
 82640 | Depths:5 | Killed Boris
 83195 | Zot:1    | Entered Level 1 of the Realm of Zot
 87042 | Orc:2    | Bought a scroll of identify for 32 gold pieces
 87042 | Orc:2    | Bought a scroll of enchant weapon for 120 gold pieces
 87071 | Orc:2    | Bought 3 scrolls of fear for 294 gold pieces
 87071 | Orc:2    | Bought a scroll of enchant weapon for 210 gold pieces
 87207 | Depths:1 | Bought a potion of might for 40 gold pieces
 87207 | Depths:1 | Bought a potion of invisibility for 80 gold pieces
 87240 | Depths:1 | Bought a glowing kite shield for 300 gold pieces
 88010 | Zot:5    | Entered Level 5 of the Realm of Zot
 88198 | Zot:5    | Reached skill level 27 in Invocations
 88343 | Zot:5    | Found a runed translucent gate.
 88343 | Zot:5    | Found a runed translucent gate.
 88345 | Zot:5    | Found an opulent altar of Gozag.
 88346 | Zot:5    | Found a runed translucent gate.
 88346 | Zot:5    | Noticed Diggabert's ghost (legendary HOFi)
 88347 | Zot:5    | Found Akeuj's Assorted Antiques.
 88348 | Zot:5    | Found Urumeito's Assorted Antiques.
 88638 | Zot:4    | Killed Diggabert's ghost
 88746 | Zot:5    | Bought a scroll of blinking for 240 gold pieces
 88746 | Zot:5    | Bought a scroll of enchant weapon for 240 gold pieces
 88746 | Zot:5    | Bought a runed broad axe for 224 gold pieces
 88746 | Zot:5    | Bought a scroll of summoning for 304 gold pieces
 88746 | Zot:5    | Bought a potion of might for 128 gold pieces
 88756 | Zot:5    | Bought a steaming plate armour for 1148 gold pieces
 88756 | Zot:5    | Bought 3 scrolls of teleportation for 369 gold pieces
 88756 | Zot:5    | Bought a wand of acid (11) for 328 gold pieces
 88756 | Zot:5    | Identified the +10 plate armour "Kouducuf" {rN+ Will+} (You
                  | bought it in a shop on level 5 of the Realm of Zot)
 88916 | Zot:5    | Reached skill level 10 in Dodging
 88998 | Zot:5    | Noticed an orb of fire
 88998 | Zot:5    | Gained mutation: Scrolls take you a little longer to read.
                  | [an orb of fire]
 89011 | Zot:5    | Gained mutation: You are frail. (-10% HP) [an orb of fire]
 89012 | Zot:5    | Noticed an ancient lich
 89014 | Zot:5    | Gained mutation: Your body sometimes deteriorates upon
                  | taking damage. [an orb of fire]
 89015 | Zot:5    | Gained mutation: Your mind is acute. (Int +2) [an orb of
                  | fire]
 89018 | Zot:5    | Killed an orb of fire
 89022 | Zot:5    | Noticed an orb of fire
 89029 | Zot:5    | Killed an ancient lich
 89034 | Zot:5    | Killed an orb of fire
 89199 | Zot:5    | Noticed an ancient lich
 89209 | Zot:5    | Killed an ancient lich
 89210 | Zot:5    | Reached skill level 27 in Fighting
 89250 | Zot:5    | Noticed an ancient lich
 89277 | Zot:5    | Killed an ancient lich
 89656 | Zot:5    | Noticed an ancient lich
 89659 | Zot:5    | Killed an ancient lich
 89825 | Zot:5    | Noticed an ancient lich
 89828 | Zot:5    | Noticed an ancient lich
 89832 | Zot:5    | Killed an ancient lich
 89848 | Zot:5    | Killed an ancient lich
 90221 | Zot:5    | Noticed an ancient lich
 90225 | Zot:5    | Killed an ancient lich
 90469 | Zot:5    | Noticed an orb of fire
 90472 | Zot:5    | Lost mutation: Your mind is acute. (Int +2) [an orb of
                  | fire]
 90474 | Zot:5    | Gained mutation: Your spells are a little easier to cast,
                  | but a little less powerful. [an orb of fire]
 90485 | Zot:5    | Gained mutation: You have a pair of small horns on your
                  | head. [an orb of fire]
 90500 | Zot:5    | Killed an orb of fire
 90650 | Zot:4    | Lost mutation: You are weak. (Str -2) [potion of mutation]
 90650 | Zot:4    | Lost mutation: You possess an exceptional clarity of mind.
                  | [potion of mutation]
 90650 | Zot:4    | Lost mutation: Your body sometimes deteriorates upon taking
                  | damage. [potion of mutation]
 90650 | Zot:4    | Lost mutation: Your spells are a little easier to cast, but
                  | a little less powerful. [potion of mutation]
 90651 | Zot:4    | Lost mutation: Your flesh is heat resistant. (rF+) [potion
                  | of mutation]
 90651 | Zot:4    | Lost mutation: Scrolls take you a little longer to read.
                  | [potion of mutation]
 90651 | Zot:4    | Lost mutation: You are frail. (-10% HP) [potion of
                  | mutation]
 90651 | Zot:4    | Gained mutation: Your mind is acute. (Int +2) [potion of
                  | mutation]
 90651 | Zot:4    | Gained mutation: Your body sometimes deteriorates upon
                  | taking damage. [potion of mutation]
 90651 | Zot:4    | Gained mutation: You are frail. (-10% HP) [potion of
                  | mutation]
 90651 | Zot:4    | Gained mutation: You expend magic power (3 MP) to
                  | strengthen your wands. [potion of mutation]
 91521 | Zot:5    | Reached skill level 15 in Dodging
 91785 | Zot:5    | Got the Orb of Zot
 92571 | D:$      | Escaped with the Orb!

Illustrated notes

Levels and vault maps discovered:
D:1:      nzn_arrival_depleted_hourglass, layout_basic, st_stairs_5
D:2:      layout_basic, chequers_ecumenical_altar_island
D:3:      layout_rooms, minmay_overflow_temple_star_quad,
          cheibrodos_sewer_entry_drain, serial_forest,
          infiniplex_forest_lined_3, infiniplex_forest_lined_room_2,
          infiniplex_forest_split, infiniplex_forest_lined_room_,
          infiniplex_forest_corner_1, infiniplex_forest_clump_large,
          infiniplex_forest_straight_5, infiniplex_forest_clump_double,
          infiniplex_forest_end_3, dk_vineyard_3, grunt_gozag_breadcrumbs,
          uniq_grinder
D:4:      kennysheep_the_goblin_king, layout_loops_ring, grunt_decor_junction,
          kennysheep_potato
D:5:      layout_loops_cross, uniq_eustachio, uniq_edmund, uniq_pikel
D:6:      layout_rooms, chequers_temple_overflow_statue_of_worship,
          nzn_hepliaklqana_mist_gate, minmay_temple_entry_fiery
D:7:      kennysheep_six_static_rooms, layout_basic, lemuel_round_altar,
          basic_altar, enter_bailey_3, feat_on_display
D:8:      layout_layer_cave, kennysheep_mini, lemuel_doored_altar, serial_shops,
          nicolae_shop_temple_entry_statues_fountains
D:9:      layout_small_grid, grunt_temple_overflow_holy_war,
          grunt_lair_entry_orc_guard_hut, serial_shops, shop_fountains,
          minmay_shop_chei, minmay_diced_spiral, uniq_psyche
D:10:     layout_irregular_city
D:11:     layout_long_grid, gauntlet_entry_generic
D:12:     layout_irregular_city, david_orc_3, uniq_urug
D:13:     layout_gridville, grunt_vaults_entry_tiered, gammafunk_ghost_crypt
D:14:     layout_roguey, grunt_decor_fettered
D:15:     grunt_enter_depths_hoard, layout_irregular_city, serial_shops, shop,
          chequers_avenue, minmay_circle_x
Temple:   corrupted_temple
Lair:1:   layout_regular_city
Lair:2:   layout_chaotic_city, spider_nest_entry_web_field, uniq_nergalle
Lair:3:   layout_cave_pods
Lair:4:   layout_big_grid, minmay_swamp_entry_reptiles, dpeg_oklob_1
Lair:5:   layout_regular_city, slime_altar_1, grunt_megastairs_3
Lair:6:   evil_forest, layout_regular_city
Swamp:1:  layout_basic_swamp, serial_swamp_ruin, evilmike_swamp_ruin_house_4,
          evilmike_swamp_ruin_rubble_2, swamp_pool1
Swamp:2:  gammafunk_mikee_crab_dinner, layout_basic_swamp,
          evilmike_swamp_ruin_house_3
Swamp:3:  layout_basic_swamp, evilmike_swamp_ruin_house_2, swamp_pool3,
          uniq_nikola, uniq_aizul
Swamp:4:  swamp_basic_johnstein, layout_basic_swamp,
          nicolae_swamp_round_clearing, swamp_pool1, nicolae_swamp_triple_paths,
          uniq_mara
Spider:1: layout_spider_delve, uniq_asterion
Spider:2: layout_spider_delve, drop_trap, nicolae_spider_ant_collections,
          uniq_arachne, uniq_azrael
Spider:3: layout_chambers, uniq_donald
Spider:4: grunt_spider_rune_parallel
Slime:1:  layout_caves
Slime:2:  layout_caves
Slime:3:  layout_caves
Slime:4:  layout_caves
Slime:5
Orc:1:    layout_diamond_mine, serial_shops, nicolae_shop_crystal
Orc:2:    st_orc_ogre_mass, layout_caves, nicolae_volcano_entry_hallway,
          serial_shops, shop, guppyfry_library_mini
Elf:1:    layout_loops_corners, serial_shops, shop,
          kennysheep_underground_church, hangedman_summoners_spam, uniq_jorgrun,
          uniq_kirke
Elf:2:    layout_loops_ring, hex_medium
Elf:3:    minmay_elf_hall_not_hex, layout_gridlike, basic_altar,
          nicolae_trove_entry_crystal, serial_shops, nicolae_shop_statue_plus,
          uniq_roxanne
Vaults:1: v_alt_pattern_5, v_misc_8, v_misc_1, vaults_room_pool,
          ontoclasm_vaults_idyll, v_misc_27, nicolae_vaults_specimen_jars,
          v_misc_22, vaults_room_semicircle, layout_vaults_quadrants
Vaults:2: nicolae_vaults_octagons, v_misc_19, nicolae_vaults_big_ls,
          nicolae_vaults_little_squares_6, v_misc_18, hangedman_vaults_snaps,
          v_misc_8, hangedman_vaults_variations, vaults_room_door_hall,
          vaults_mumra_hexcomb, nicolae_vaults_diagonal_hallway_7,
          layout_vaults_omnicross, blue_anna_dwarven_crypt, uniq_margery
Vaults:3: v_misc_12, nicolae_vaults_diagonal_hallway_7, vaults_dpeg_diagonal,
          hangedman_vaults_trim, nicolae_vaults_halls_meeting,
          hangedman_vaults_stream, nicolae_vaults_alarming, grunt_vaults_focal,
          v_misc_23, layout_vaults_ring
Vaults:4: hangedman_vaults_cutoff, hangedman_vaults_corner_blocks,
          hangedman_vaults_river_flow, v_misc_25, v_misc_29, v_pattern_3,
          v_misc_31, v_alt_pattern_3, dpeg_vaults_monster_box,
          vaults_room_door_ring, nicolae_vaults_shelves_hall, v_misc_19,
          nicolae_vaults_gold_heap, ontoclasm_vaults_loading_screen,
          ontoclasm_vaults_fault, vaults_room_door_ring, layout_vaults_omnibox,
          serial_shops, nicolae_shop_statue_plus, uniq_frederick
Vaults:5
Depths:1: layout_basic, enter_ziggurat_d, hell_entry, abyss_entry, minmay_holes,
          st_stairs_2, lemuel_flame_loot_1, minmay_shop_star,
          serial_bayou_shore_a
Depths:2: nicolae_legendary_halls, layout_cave_shapes, hellmouth_2,
          roderic_lattice_a, minmay_staircase_bubble
Depths:3: minmay_three_patterns, layout_cave_shapes,
          chequers_serial_rivers_small_3, pan_entry, pf_hell_entry_tar_spiral
Depths:4: emtedronai_trogs_sanctum, layout_honeycomb, serial_glass,
          glass_columns_b, glass_columns_a, glass_columns_c, glass_columns_a,
          glass_columns_c, glass_columns_a, glass_columns_a, glass_columns_a,
          hell_entry, nicolae_abyss_entry_one_way_or_another,
          minmay_misc_feat_nine_boxes, grunt_pan_entry_in_and_out
Depths:5: evilmike_zot_entry_basic, layout_gridville, grunt_decor_arrowhead,
          special_room [special_room_jelly], infiniplex_enter_wizlab_spiral,
          hell_entry, serial_shops, shop_coins,
          amcnicky_mini_rare_corridor_liquid, drop_trap, uniq_jory, uniq_boris
Zot:1:    layout_onion_interference
Zot:2:    kennysheep_room_grid, layout_misc_corridors, grunt_ministairs_2
Zot:3:    layout_onion_interference
Zot:4:    layout_gridlike, grunt_ministairs_15, hangedman_zot_diagonal_lockstep
Zot:5:    layout_cellular_growth, ebering_ghost_gozag

Skill      XL: |  1  2  3  4  5  6  7  8  9 10 11 12 13 14 15 16 17 18 19 20 21 22 23 24 25 26 27 |
---------------+----------------------------------------------------------------------------------+-----
Axes           | 3 4 5 6 7 9 10 11 12 13 14 16 17 18 19 20 21 22 | 22.7
Fighting       | 4 5 6 7 8 10 11 12 14 15 16 17 18 19 20 21 22 23 24 27 | 27.0
Shields        | 4 5 6 8 9 10 11 13 14 15 16 17 18 19 20 21 22 | 22.8
Armour         | 4 5 6 8 9 10 11 13 14 15 16 17 18 19 20 21 22 24 | 24.4
Evocations     | 3 4 8 |  8.6
Invocations    | 5 9 11 13 16 19 21 23 27 | 27.0
Dodging        | 2 5 15 | 15.8

Action                   |  1- 3 |  4- 6 |  7- 9 | 10-12 | 13-15 | 16-18 | 19-21 | 22-24 | 25-27 || total
-------------------------+-------+-------+-------+-------+-------+-------+-------+-------+-------++-------
Melee: War axe           |   109 |   189 |   584 |   793 |  1439 |  1440 |   811 |       |   100 ||  5465
       Kick              |       |       |       |       |       |   405 |   544 |   664 |   200 ||  1813
       Mace              |       |       |       |       |       |    40 |    32 |       |       ||    72
       Broad axe         |       |       |       |       |       |   187 |   522 |  1263 |  1876 ||  3848
       Headbutt          |       |       |       |       |       |       |       |       |    68 ||    68
 Fire: Hunting sling     |       |       |       |       |       |    72 |    12 |    16 |   123 ||   223
Invok: Upheaval          |       |       |       |     8 |    21 |    29 |    38 |    31 |    83 ||   210
       Disaster Area     |       |       |       |       |       |     1 |     1 |     3 |     3 ||     8
 Abil: Evoke Flight      |       |       |       |       |       |       |     1 |       |       ||     1
Evoke: Wand              |       |       |     9 |    26 |    62 |    10 |     6 |     4 |     6 ||   123
  Use: Scroll            |       |     2 |     3 |     7 |     9 |    14 |    12 |     8 |    51 ||   106
       Potion            |       |     6 |    11 |     7 |     3 |    16 |     6 |     3 |    15 ||    67
 Stab: Paralysed         |       |       |     1 |     9 |       |       |     8 |     3 |       ||    21
       Confused          |       |       |       |     1 |       |       |       |       |       ||     1
       Distracted        |       |       |       |       |       |     1 |       |     1 |       ||     2
       Held in net/web   |       |       |       |       |       |     1 |       |       |       ||     1
Armor: Scale mail        |    65 |    73 |   205 |    67 |       |       |       |       |       ||   410
       Chain mail        |       |       |       |   229 |   393 |   124 |       |       |       ||   746
       Plate armour      |       |       |       |       |       |   708 |   306 |   279 |   585 ||  1878
       Gold dragon scale |       |       |       |       |       |       |       |       |   148 ||   148
Dodge: Dodged            |    25 |    58 |   155 |   135 |   234 |   394 |   204 |   209 |   499 ||  1913
       Repelled          |       |       |       |       |     3 |     7 |    11 |     9 |    41 ||    71
Block: Kite shield       |    59 |    82 |   355 |   590 |  1305 |  2054 |  1080 |   902 |  1828 ||  8255
       Reflection        |       |       |       |       |    11 |    16 |   165 |    67 |    53 ||   312
